 Dungeon Crawl Stone Soup version 0.17-a0-1979-g1c74939 (webtiles) character file.

294 tp1 the Covered (level 6, -2/38 HPs)
             Began as a Gargoyle Berserker on Oct 5, 2015.
             Was a Priest of Trog.
             Slain by a troll (7 damage)
             ... on level 5 of the Dungeon.
             The game lasted 00:15:11 (3512 turns).

tp1 the Covered (Gargoyle Berserker)                Turns: 3512, Time: 00:15:11

Health: -2/38      AC: 15    Str: 23    XL:     6   Next: 33%
Magic:  6/6        EV:  3    Int:  7    God:    Trog [***...]
Gold:   127        SH:  0    Dex:  9    Spells: 0 memorised, 5 levels left

rFire  . . .     SeeInvis .     a - +0 hand axe
rCold  . . .     Clarity  .     u - +0 chain mail
rNeg   + . .     SustAt   .     (no shield)
rPois  ∞         Gourm    .     (no helmet)
rElec  +         Spirit   .     (no cloak)
rCorr  .         Warding  .     (no gloves)
rMut   .         Stasis   .     e - +0 pair of boots
MR     .....                    (no amulet)
Stlth  ..........               (no ring)
                                (no ring)

@: exhausted, slowed, very slow, not resistant to hostile enchantments,
extremely unstealthy
A: negative energy resistance 1, electricity resistance, unbreathing,
petrification resistance, rot immunity, AC +4
a: Burn Spellbooks, Berserk, Trog's Hand, Renounce Religion


You were on level 5 of the Dungeon.
You worshipped Trog.
Trog was most pleased with you.
You were hungry.

You visited 1 branch of the dungeon, and saw 5 of its levels.

You collected 127 gold pieces.

Inventory:

Hand Weapons
 a - a +0 hand axe (weapon)
 f - a +0 mace
 i - a +0 mace
Armour
 b - a +0 animal skin
 e - a +0 pair of boots (worn)
 q - a +0 leather armour
 r - a +0 ring mail
 u - a +0 chain mail (worn)
 x - a +0 scale mail
Jewellery
 H - an uncursed ring of stealth {unknown}
Wands
 y - a wand of random effects (32)
 G - a wand of polymorph (13)
Scrolls
 d - 5 scrolls of remove curse {unknown}
 g - a scroll of teleportation
 h - 2 scrolls of blinking {unknown}
 k - 3 scrolls of immolation {unknown}
 v - a scroll of identify
 w - a scroll of recharging {unknown}
 B - a scroll of fog {unknown}
 D - a scroll of amnesia {unknown}
Potions
 j - a potion of agility
 l - 2 potions of flight
 m - 2 potions of invisibility
 n - a potion of resistance
 o - a potion of berserk rage
 p - a potion of might {unknown}
 t - a potion of curing {unknown}
 A - a potion of cure mutation {unknown}
Comestibles
 c - 5 bread rations
 s - a royal jelly
 z - a beef jerky
 C - a meat ration
 E - 4 fruits
 F - 6 chunks of flesh


   Skills:
 - Level 3.7 Fighting
 + Level 4.4 Axes
 * Level 5.3 Armour
 - Level 1.7 Dodging


You had 5 spell levels left.
You didn't know any spells.

Dungeon Overview and Level Annotations

Branches:
Dungeon (5/15)
 Temple: D:4-7

Altars:
Gozag
Nemelex Xobeh
Xom
Yredelemnul


Innate Abilities, Weirdness & Mutations

You are resistant to torment.
Your stone body is resilient (AC +4).
You are immune to poison.
You resist negative energy.
You are resistant to electric shocks.
You can survive without breathing.
You are immune to petrification.
You are immune to rotting.


Message History

You butcher the ogre corpse.
F - 7 chunks of flesh (gained 6)
You see here a giant spiked club.
Eat one of 7 chunks of flesh? (ye/n/q/i?) This raw flesh tastes terrible.
You are feeling hungry.
You continue eating. x2
The troll shouts!
You see here 10 gold pieces.
The troll bites you. The troll claws you!
The troll claws you but does no damage. The troll barely misses you.
The troll claws you but does no damage. The troll claws you.
The troll bites you! The troll claws you. The troll closely misses you.
The troll barely misses you. The troll claws you!
* * * LOW HITPOINT WARNING * * *
The troll claws you but does no damage.
There is a stone staircase leading up here.
The troll bites you!
You die...

#.#..# #.#..# .....#
.# #.#..# .# #.#..#
.# ###########.#..#
.#
...............###.#
...########........#
<### #.....<..@.##
.# #..#.#.###T# .#
#.###..# #.# .# #.#
##.# #.# ## #.#
##.##.# ##.# ##[.#
#.### ##...#######.#
#..#.##............#
##............#.###.


You could see a troll.

Vanquished Creatures
  An ogre (D:5)
  A hound (D:4)
  7 adders
  2 oozes
  2 adder skeletons (D:4)
  2 worms (D:2)
  5 giant geckos
  7 orcs
  4 ball pythons
  5 giant cockroaches
  7 goblins
  10 hobgoblins
  6 kobolds
  2 quokkas (D:4)
  A ball python skeleton (D:4)
  4 bats
  A giant gecko skeleton (D:4)
  2 giant newts (D:1)
  4 jackals (D:1)
  9 rats
  A spectral orc (D:4)
83 creatures vanquished.

Vanquished Creatures (others)
  11 fungi (D:4)
11 creatures vanquished.

Grand Total: 94 creatures vanquished

Notes
Turn   | Place    | Note
--------------------------------------------------------------
     0 | D:1      | tp1 the Gargoyle Berserker began the quest for the Orb.
     0 | D:1      | Reached XP level 1. HP: 14/14 MP: 1/1
   148 | D:1      | Reached XP level 2. HP: 6/20 MP: 2/2
   863 | D:1      | Reached XP level 3. HP: 20/24 MP: 3/3
  1236 | D:2      | Acquired Trog's second power
  1404 | D:2      | Reached XP level 4. HP: 15/29 MP: 4/4
  1780 | D:2      | Found a sparkling altar of Nemelex Xobeh.
  1780 | D:2      | Found an opulent altar of Gozag.
  1888 | D:3      | Found a faded altar to an unknown god.
  2417 | D:3      | Found a shimmering altar of Xom.
  2506 | D:3      | Reached XP level 5. HP: 31/33 MP: 5/5
  2607 | D:3      | Reached skill level 4 in Armour
  3297 | D:4      | Found a basalt altar of Yredelemnul.
  3427 | D:5      | Entered Level 5 of the Dungeon
  3474 | D:5      | Noticed an ogre
  3482 | D:5      | Killed an ogre
  3482 | D:5      | Reached skill level 5 in Armour
  3482 | D:5      | Reached XP level 6. HP: 38/38 MP: 6/6
  3495 | D:5      | Noticed a troll
  3512 | D:5      | Slain by a troll

Vault maps used:
D:1:      denvon_arrival_planthouse, st_stairs_7
D:2:      grunt_temple_overflow_opulence
D:3:      xom_butterflies, ecumenical_altar_1
D:4:      yredelemnul_forgotten_temple_becter, serial_aquarium,
          aquarium_bridge_long_separate, aquarium_bridge_straight,
          aquarium_window_fake, aquarium_window_2, aquarium_window_fake,
          aquarium_window_corner, aquarium_view_2c
D:5:      nicolae_overflow_hidden_temple, first_bread

Action                   |  1- 3 |  4- 6 || total
-------------------------+-------+-------++-------
Melee: Mace              |    59 |       ||    59
       Hand axe          |    69 |   188 ||   257
Invok: Berserk           |       |     1 ||     1
  Use: Scroll            |       |     6 ||     6
 Stab: Sleeping          |     1 |     1 ||     2
  Eat: Chunk             |     2 |     7 ||     9
